 Dungeon Crawl Stone Soup version 0.27.1-3-gb3d3a73c9e (webtiles) character file.

Game seed: 8584570230594343104

3603 Crownlay the Frost Mage (level 10, -2/73 HPs)
             Began as a Gnoll Ice Elementalist on Oct 8, 2021.
             Killed by the air
             ... invoked by Gastronok
              (12 damage)
             ... on level 8 of the Dungeon.
             The game lasted 00:14:42 (8519 turns).

Crownlay the Frost Mage (Gnoll Ice Elementalist)    Turns: 8519, Time: 00:14:42

Health: -2/73      AC: 21    Str:  8    XL:     10   Next: 10%
Magic:  9/20       EV: 14    Int: 23    God:
Gold:   420        SH:  0    Dex: 13    Spells: 12/23 levels left

rFire    x . .     SeeInvis .   F - +3 whip (venom)
rCold    + . .     Faith    .   (no shield)
rNeg     . . .     Spirit   .   B - +0 steam dragon scales
rPois    .         Reflect  .   t - +0 helmet
rElec    .         Harm     .   l - +0 cloak
rCorr    .         Rampage  .   D - +2 pair of gloves
Will     .....                  (no boots)
Stlth    +++.......             (no amulet)
HPRegen  0.22/turn              k - ring of ice
MPRegen  0.17/turn              q - +6 ring of intelligence

@: ice-armoured, freezing walls
A: fangs 1, strong nose, distributed training
a: no special abilities


You were on level 8 of the Dungeon.
You visited 1 branch of the dungeon, and saw 8 of its levels.
You also visited: Sewer.

You collected 420 gold pieces.

Inventory:

Hand Weapons
 a - a +0 scimitar of flaming
 F - a +3 whip of venom (weapon)
Missiles
 G - 4 boomerangs of dispersal
Armour
 l - a +0 cloak (worn)
 t - a +0 helmet (worn)
 B - +0 steam dragon scales (worn)
 D - a +2 pair of gloves (worn)
Magical Staves
 r - a staff of death
Jewellery
 k - a ring of ice (left hand)
 q - a +6 ring of intelligence (right hand)
 w - a ring of resist corrosion
Wands
 f - a wand of paralysis (8)
 p - a wand of flame (19)
 C - a wand of charming (10)
Scrolls
 b - 3 scrolls of vulnerability
 c - a scroll of teleportation
 d - a scroll of blinking {unknown}
 e - a scroll of amnesia
 h - a scroll of immolation {unknown}
 j - a scroll of enchant armour
 m - a scroll of summoning
 n - 3 scrolls of fear {unknown}
 s - a scroll of identify
 u - 2 scrolls of fog {unknown}
 x - 2 scrolls of brand weapon {unknown}
 y - 3 scrolls of noise {unknown}
Potions
 g - a potion of brilliance {unknown}
 i - 3 potions of resistance
 o - a potion of heal wounds {unknown}
 v - 2 potions of curing {unknown}
 z - 2 potions of magic {unknown}
 A - 3 potions of berserk rage
 E - a potion of degeneration {unknown}


   Skills:
 + Level 4.9 Fighting
 + Level 4.9 Short Blades
 + Level 4.9 Long Blades
 + Level 4.9 Axes
 + Level 4.9 Maces & Flails
 + Level 4.9 Polearms
 + Level 4.9 Staves
 + Level 4.9 Slings
 + Level 4.9 Bows
 + Level 4.9 Crossbows
 + Level 4.9 Throwing
 + Level 4.9 Armour
 + Level 6.8 Dodging
 + Level 6.5 Stealth
 + Level 4.9 Shields
 + Level 4.9 Unarmed Combat
 + Level 7.1 Spellcasting
 + Level 4.1 Conjurations
 + Level 4.1 Hexes
 + Level 4.1 Summonings
 + Level 4.1 Necromancy
 + Level 4.1 Translocations
 + Level 4.1 Transmutations
 + Level 4.1 Fire Magic
 + Level 8.3 Ice Magic
 + Level 4.1 Air Magic
 + Level 4.1 Earth Magic
 + Level 4.1 Poison Magic
 + Level 5.4 Invocations
 + Level 4.9 Evocations


You had 12 spell levels left.
You knew the following spells:

 Your Spells              Type           Power      Damage    Failure   Level
a - Freeze                Ice            100%       1d11      1%          1
b - Frozen Ramparts       Ice            100%       1d12      1%          3
c - Ozocubu's Armour      Ice            62%        N/A       1%          3
d - Hailstorm             Conj/Ice       53%        3d12      6%          4

Your spell library contained the following spells:

 Spells                   Type           Power      Damage    Failure   Level
 Animate Skeleton         Necr           54%        N/A       1%          1
 Apportation              Tloc           54%        N/A       1%          1
 Corona                   Hex            30%        N/A       1%          1
 Foxfire                  Conj/Fire      100%       2x1d9     1%          1
 Sandblast                Erth           54%        2d13      1%          1
 Summon Small Mammal      Summ           100%       N/A       1%          1
 Ensorcelled Hibernation  Hex/Ice        100%       N/A       1%          2
 Sublimation of Blood     Necr           13%        N/A       2%          2
 Conjure Flame            Conj/Fire      27%        6-21      4%          3
 Inner Flame              Hex/Fire       27%        N/A       4%          3
 Summon Guardian Golem    Hex/Summ       27%        N/A       4%          3
 Tukima's Dance           Hex            27%        N/A       4%          3
 Fulminant Prism          Conj/Hex       13%        3d9       14%         4
 Petrify                  Tmut/Erth      27%        N/A       14%         4
 Alistair's Intoxication  Tmut/Pois      18%        N/A       36%         5
 Irradiate                Conj/Tmut      13%        3d17      36%         5
 Iskenderun's Battlesphe  Conj           27%        2d8       36%         5
 Invisibility             Hex            13%        N/A       91%         6
 Iron Shot                Conj/Erth      13%        9d3       91%         6
 Spellforged Servitor     Conj/Summ      13%        N/A       100%        7


Dungeon Overview and Level Annotations

Branches:
Dungeon (8/15)              Sewer (visited)
 Temple: D:4-7         Lair: D:8-11

Altars:
Gozag
Kikubaaqudgha
Makhleb

Shops:
D:2 [

Annotations:
D:8 Gastronok


Innate Abilities, Weirdness & Mutations

You have very sharp teeth.
Your uncanny sense of smell can sniff out nearby items.
Your experience applies equally to all skills.


Message History

The wall freezes Gastronok!!
Gastronok bites you!
You hit Gastronok but do no damage.
Gastronok looks as sick as possible!
Gastronok is heavily wounded.
You hit Gastronok.
Gastronok looks as sick as possible!
Gastronok is heavily wounded.
The wall freezes Gastronok!
Gastronok mumbles some strange words.
You hit Gastronok.
Gastronok looks as sick as possible!
Gastronok is severely wounded.
The wall freezes the quokka!
You kill the quokka!
The quokka's corpse disappears in a puff of smoke!
You hit Gastronok.
Gastronok looks as sick as possible!
Gastronok is severely wounded.
The wall freezes Gastronok!
Gastronok bites you!
* * * LOW HITPOINT WARNING * * *
Casting: Frozen Ramparts (safe; 1% risk of failure)
Confirm with . or Enter, or press ? or * to list all spells.
Aiming: Freeze (safe; 1% risk of failure)
Press: ? - help, Shift-Dir - straight line, f - Gastronok
Aim: Gastronok, wearing a +2 hat of willpower (almost dead, covering ground quickly, extremely poisoned)
You feel a surge of power!
You freeze Gastronok.
Gastronok is almost dead.
The wall freezes the quokka!
You kill the quokka!
The quokka's corpse disappears in a puff of smoke!
The wall freezes the quokka.
You kill the quokka!
The quokka's corpse disappears in a puff of smoke!
Casting: Freeze (safe; 1% risk of failure)
Confirm with . or Enter, or press ? or * to list all spells.
Aiming: Freeze (safe; 1% risk of failure)
Press: ? - help, Shift-Dir - straight line, f/p - Gastronok
Aim: Gastronok, wearing a +2 hat of willpower (almost dead, covering ground quickly, extremely poisoned)
You feel a surge of power!
You freeze Gastronok.
Gastronok is almost dead.
The wall freezes Gastronok.
Gastronok waves his eye-stalks in wide circles.
The air twists around and strikes you!
You die...

..####...# ..#
.
###...####..##
#............#
#............#
#............#
#............#
#............#
#...§w§......#
#.$.##@.##.#.
#...##### .#
...... .......
.....K..
..###..##


You could see Gastronok (swift, extremely poisoned).

Vanquished Creatures
  Pikel (D:8)
  Maggie (D:6)
  A komodo dragon (D:6)
  3 steam dragons
  Purgy (Sewer)
  A water moccasin (D:8)
  A hornet zombie (D:7)
  A sky beast (D:5)
  A black bear (D:6)
  An orc warrior (D:8)
  3 necrophages
  A centaur (D:6)
  A lemure (D:8)
  A phantom (D:6)
  A kobold brigand (D:8)
  2 bullfrogs
  A water moccasin zombie (D:7)
  5 wights
  A centaur zombie (D:7)
  2 hounds (D:4)
  3 jellies
  Crazy Yiuf (D:2)
  2 orc priests
  A bullfrog skeleton (D:6)
  Terence (D:2)
  2 iguanas (D:5)
  3 orc wizards
  Natasha (thrice) (D:2)
  A hound zombie (D:5)
  A hound skeleton (D:4)
  Robin (D:3)
  A howler monkey skeleton (D:6)
  9 adders
  2 river rats (D:3)
  4 worms
  18 orcs
  4 ball pythons
  5 bats
  7 endoplasms
  5 giant cockroaches
  16 goblins
  8 hobgoblins
  6 jackals
  11 kobolds
  A quokka (D:1)
  5 frilled lizards
  6 rats
157 creatures vanquished.

Notes
Turn   | Place    | Note
-------+----------+-------------------------------------------
     0 | D:1      | Crownlay the Gnoll Ice Elementalist began the quest for the
                  | Orb.
     0 | D:1      | Reached XP level 1. HP: 13/13 MP: 6/6
   145 | D:1      | Reached XP level 2. HP: 15/19 MP: 4/7
   481 | D:1      | Found a faded altar of an unknown god.
   488 | D:1      | Got Plato's Compendium of Clay
   994 | D:1      | Reached XP level 3. HP: 25/25 MP: 7/9
  1070 | D:2      | Reached skill level 5 in Spellcasting
  1252 | D:2      | Noticed Natasha
  1264 | D:2      | Reached skill level 1 in Invocations
  1271 | D:2      | Killed Natasha
  1272 | D:2      | Reached skill level 1 in Fighting
  1272 | D:2      | Reached skill level 1 in Short Blades
  1272 | D:2      | Reached skill level 1 in Long Blades
  1272 | D:2      | Reached skill level 1 in Axes
  1272 | D:2      | Reached skill level 1 in Maces & Flails
  1272 | D:2      | Reached skill level 1 in Polearms
  1272 | D:2      | Reached skill level 1 in Staves
  1272 | D:2      | Reached skill level 1 in Slings
  1272 | D:2      | Reached skill level 1 in Bows
  1272 | D:2      | Reached skill level 1 in Crossbows
  1272 | D:2      | Reached skill level 1 in Throwing
  1272 | D:2      | Reached skill level 1 in Armour
  1272 | D:2      | Reached skill level 1 in Shields
  1272 | D:2      | Reached skill level 1 in Unarmed Combat
  1272 | D:2      | Reached skill level 1 in Evocations
  1272 | D:2      | Reached XP level 4. HP: 11/32 MP: 1/11
  1276 | D:2      | Learned a level 3 spell: Frozen Ramparts
  1280 | D:2      | Learned a level 3 spell: Ozocubu's Armour
  1528 | D:2      | Noticed Natasha
  1541 | D:2      | Killed Natasha
  1542 | D:2      | Reached skill level 1 in Conjurations
  1542 | D:2      | Reached skill level 1 in Hexes
  1542 | D:2      | Reached skill level 1 in Summonings
  1542 | D:2      | Reached skill level 1 in Necromancy
  1542 | D:2      | Reached skill level 1 in Translocations
  1542 | D:2      | Reached skill level 1 in Transmutations
  1542 | D:2      | Reached skill level 1 in Fire Magic
  1542 | D:2      | Reached skill level 1 in Air Magic
  1542 | D:2      | Reached skill level 1 in Earth Magic
  1542 | D:2      | Reached skill level 1 in Poison Magic
  1908 | D:2      | Found a runed translucent door.
  1909 | D:2      | Noticed Crazy Yiuf
  1918 | D:2      | Killed Crazy Yiuf
  1919 | D:2      | Reached XP level 5. HP: 22/37 MP: 5/12
  2186 | D:2      | Noticed Natasha
  2190 | D:2      | Killed Natasha
  2265 | D:2      | Noticed Terence
  2277 | D:2      | Killed Terence
  2371 | D:2      | Found Qodd's Antique Armour Shop.
  2761 | D:3      | Reached XP level 6. HP: 35/44 MP: 2/13
  2792 | D:3      | Found a glowing drain.
  2796 | Sewer    | Entered a sewer
  2951 | Sewer    | Noticed Purgy
  2961 | Sewer    | Killed Purgy
  2962 | Sewer    | Reached skill level 5 in Dodging
  3307 | D:3      | Got the Reference Book on Beguiling
  3379 | D:3      | Noticed Robin
  3389 | D:3      | Killed Robin
  3725 | D:3      | Reached XP level 7. HP: 50/50 MP: 9/15
  3955 | D:3      | Found a burning altar of Makhleb.
  3955 | D:3      | Noticed an Executioner
  4214 | D:4      | Found an ancient bone altar of Kikubaaqudgha.
  4678 | D:5      | Entered Level 5 of the Dungeon
  4767 | D:5      | Reached skill level 5 in Stealth
  5209 | D:5      | Reached XP level 8. HP: 55/57 MP: 6/16
  6368 | D:6      | Noticed Maggie
  6411 | D:6      | Killed Maggie
  6412 | D:6      | Reached XP level 9. HP: 51/65 MP: 10/18
  6527 | D:6      | Noticed a komodo dragon
  6533 | D:6      | Killed a komodo dragon
  6797 | D:6      | Reached skill level 8 in Ice Magic
  7438 | D:7      | Learned a level 4 spell: Hailstorm
  7905 | D:7      | Reached skill level 5 in Invocations
  7960 | D:7      | Found an opulent altar of Gozag.
  8093 | D:8      | Noticed Pikel
  8106 | D:8      | Killed Pikel
  8107 | D:8      | Reached XP level 10. HP: 59/73 MP: 14/20
  8497 | D:8      | Noticed Gastronok
  8519 | D:8      | Killed from afar by Gastronok

Illustrated notes

Levels and vault maps discovered:
D:1:      evilmike_arrival_hilbert_curve, layout_basic,
          shapermc_ecumenical_altar_rom_forum
D:2:      layout_basic, serial_shops, nicolae_shop_behind_doors, uniq_terence,
          uniq_crazy_yiuf_cottage, uniq_natasha
D:3:      layout_loops_ring, makhleb_altar_promises_db, gup_sewer_entry_spiral,
          uniq_robin
D:4:      layout_rooms, nicolae_kikubaaqudgha_miasma_corner,
          minmay_temple_entry_from_below_a, corexii_item_surrounded_by_moat,
          minmay_misc_feat_rugged, hangedman_decor_growths,
          kennysheep_generic_room_15
D:5:      layout_basic
D:6:      layout_rooms, lemuel_flamethrower_1, uniq_maggie
D:7:      layout_rooms, nicolae_overflow_hidden_temple
D:8:      layout_gridville, serial_shops, nicolae_square_shop, uniq_pikel,
          uniq_grum, uniq_gastronok

Skill      XL: |  1  2  3  4  5  6  7  8  9 10 |
---------------+-------------------------------+-----
Spellcasting   | 5 6 7 |  7.1
Invocations    | 1 2 3 4 5 |  5.4
Fighting       | 1 2 3 4 |  4.9
Short Blades   | 1 2 3 4 |  4.9
Long Blades    | 1 2 3 4 |  4.9
Axes           | 1 2 3 4 |  4.9
Maces & Flails | 1 2 3 4 |  4.9
Polearms       | 1 2 3 4 |  4.9
Staves         | 1 2 3 4 |  4.9
Slings         | 1 2 3 4 |  4.9
Bows           | 1 2 3 4 |  4.9
Crossbows      | 1 2 3 4 |  4.9
Throwing       | 1 2 3 4 |  4.9
Armour         | 1 2 3 4 |  4.9
Shields        | 1 2 3 4 |  4.9
Unarmed Combat | 1 2 3 4 |  4.9
Evocations     | 1 2 3 4 |  4.9
Conjurations   | 1 2 3 4 |  4.1
Hexes          | 1 2 3 4 |  4.1
Summonings     | 1 2 3 4 |  4.1
Necromancy     | 1 2 3 4 |  4.1
Translocations | 1 2 3 4 |  4.1
Transmutations | 1 2 3 4 |  4.1
Fire Magic     | 1 2 3 4 |  4.1
Air Magic      | 1 2 3 4 |  4.1
Earth Magic    | 1 2 3 4 |  4.1
Poison Magic   | 1 2 3 4 |  4.1
Dodging        | 5 6 |  6.8
Stealth        | 5 6 |  6.5
Ice Magic      | 8 |  8.3

Action                   |  1- 3 |  4- 6 |  7- 9 | 10-12 || total
-------------------------+-------+-------+-------+-------++-------
Melee: Unarmed           |     2 |       |       |       ||     2
       Dagger            |       |    39 |       |       ||    39
       Bite              |       |     2 |    27 |       ||    29
       Punch             |       |     1 |     2 |     1 ||     4
       Whip              |       |     7 |   201 |    31 ||   239
 Cast: Freeze            |    43 |    26 |    53 |     2 ||   124
       Frozen Ramparts   |       |    15 |    27 |     5 ||    47
       Ozocubu's Armour  |       |    11 |    16 |     4 ||    31
  Use: Scroll            |       |     5 |     2 |       ||     7
 Stab: Sleeping          |       |       |     1 |     1 ||     2
Armor: Robe              |     4 |    17 |    34 |       ||    55
       Steam dragon scal |       |       |    69 |     6 ||    75
Dodge: Dodged            |    32 |    59 |   218 |    13 ||   322
